 Dungeon Crawl Stone Soup version 0.29.1-15-g9cfb28693d (webtiles) character file.

Game seed: 7282035758696250619

752 H0rd4k the Insei (level 7, -3/48 HPs)
             Began as an Octopode Artificer on Mar 14, 2023.
             Slain by a hornet (8 damage)
             ... on level 5 of the Dungeon.
             The game lasted 00:04:53 (5811 turns).

H0rd4k the Insei (Octopode Artificer)               Turns: 5811, Time: 00:04:53

Health: -3/48      AC:  1    Str: 17    XL:     7   Next: 78%
Magic:  12/12      EV: 13    Int: 15    God:
Gold:   230        SH:  0    Dex: 13    Spells: 9/12 levels left

rFire   . . .      SeeInvis .     - Unarmed
rCold   . . .      Faith    .   (no shield)
rNeg    . . .      Spirit   .   (helmet restricted)
rPois   .          Reflect  .   (no amulet)
rElec   .          Harm     .   n - +6 ring of strength
rCorr   .          Rampage  .   (no ring)
Will    .....                   (no ring)
Stlth   +++.......              (no ring)
HPRegen 0.16/turn               (no ring)
MPRegen 0.13/turn               (no ring)
                                (no ring)
                                (no ring)

@: lethally poisoned (-3 -> -14), slowed, very slow
A: almost no armour, amphibious, 8 rings, camouflage 1, gelatinous body 1,
(nimble swimmer 1), tentacles
a: no special abilities


You were on level 5 of the Dungeon.
You visited 1 branch of the dungeon, and saw 5 of its levels.

You collected 230 gold pieces.

Inventory:

Missiles
 s - 2 poisoned darts
Jewellery
 n - a +6 ring of strength (left tentacle)
Wands
 b - a wand of flame (1) (quivered)
 c - a wand of charming (1)
Scrolls
 a - 2 scrolls of enchant armour {unknown}
 e - a scroll of torment {unknown}
 f - a scroll of noise {unknown}
 g - 2 scrolls of teleportation {unknown}
 i - 3 scrolls of identify {unknown}
 j - a scroll of butterflies {unknown}
 q - a scroll of silence {unknown}
 v - a scroll of amnesia {unknown}
 w - a scroll of fear {unknown}
 x - a scroll of enchant weapon {unknown}
Potions
 h - 2 potions of mutation {unknown}
 k - 4 potions of curing {unknown}
 l - a potion of lignification {unknown}
 m - a potion of cancellation {unknown}
 o - a potion of flight {unknown}
 p - 2 potions of heal wounds {unknown}
 r - 2 potions of brilliance {unknown}
 t - a potion of might {unknown}
 u - a potion of ambrosia {unknown}


   Skills:
 * Level 4.2 Fighting
 - Level 2.3 Dodging
 - Level 1.3 Stealth
 + Level 5.2 Unarmed Combat
 * Level 3.4 Spellcasting
 + Level 2.1 Air Magic
 - Level 3.2 Evocations


You had 9 spell levels left.
You knew the following spells:

 Your Spells              Type           Power      Damage    Failure   Level
a - Swiftness             Air            8%         N/A       24%         3

Your spell library contained the following spells:

 Spells                   Type           Power      Damage    Failure   Level
 Magic Dart               Conj           8%         1d3       19%         1
 Ensorcelled Hibernation  Hex/Ice        4%         N/A       28%         2
 Passwall                 Tmut/Erth      1%         N/A       28%         2
 Searing Ray              Conj           4%         2d4       28%         2
 Dazzling Flash           Conj/Hex       4%         N/A       50%         3
 Spider Form              Tmut/Pois      2%         N/A       50%         3
 Tukima's Dance           Hex            2%         N/A       50%         3
 Summon Lightning Spire   Summ/Air       5%         N/A       77%         4
 Anguish                  Hex/Necr       1%         N/A       88%         4
 Fulminant Prism          Conj/Hex       1%         3d6       88%         4
 Passage of Golubria      Tloc           2%         N/A       88%         4
 Silence                  Hex/Air        2%         N/A       98%         5
 Agony                    Necr           2%         N/A       99%         5
 Yara's Violent Unravell  Hex/Tmut       1%         3d3       99%         5
 Storm Form               Tmut/Air       2%         N/A       100%        7
 Maxwell's Capacitive Co  Air            4%         ∞         100%        8


Dungeon Overview and Level Annotations

Branches:
Dungeon (5/15)
 Temple: D:4-7

Altars:
Nemelex Xobeh
Sif Muna
Trog
Vehumet
Xom
Yredelemnul

Shops:
D:3 *[=*:


Innate Abilities, Weirdness & Mutations

You cannot wear most types of armour.
You are amphibious.
You can wear up to eight rings at the same time.
Your skin changes colour to match your surroundings (Stealth+).
Your rubbery body absorbs attacks. (AC +1, EV +1)
((You are camouflaged when in or above water. (Stealth+)))
You have tentacles for arms and can constrict up to eight enemies at once.


Message History

t - Shout!
Orders for allies: a - Attack new target. p - Attack previous target. r - Retreat! s - Stop attacking. g - Guard the area. f - Follow me.
Anything else - Cancel.
Guard this area!
Your hornet misses the gnoll.
Your hornet closely misses the gnoll.
Your hornet barely misses the gnoll.
Something closely misses your hornet.
The gnoll is no longer moving slowly.
Your hornet stings the gnoll.
The gnoll is poisoned.
The gnoll suddenly stops moving!
Something hits your hornet. Something freezes your hornet.
Your hornet stings something!
You feel a bit more experienced. The gnoll misses you.
Your hornet stings the gnoll.
The gnoll looks as sick as possible!
The gnoll hits you from afar with a +0 halberd!
Your hornet stings the gnoll!
The gnoll dies!
Something completely misses your hornet.
A gnoll comes into view. It is wielding a +0 halberd.
The gnoll hits you with a +0 halberd!
You see here a +0 short sword.
You tentacle-slap the gnoll but do no damage.
You grab the gnoll.
The gnoll is severely wounded.
You constrict the gnoll.
You kill the gnoll!
The hornet is no longer charmed.
Aiming: Charm
Press: ? - help, Shift-Dir - straight line, f/p - hornet
Aim: a hornet (moderately wounded, chance to affect: 49%)
The hornet resists with some effort.
Unknown command.
Aiming: Charm
Press: ? - help, Shift-Dir - straight line, f/p - hornet
Aim: a hornet (moderately wounded, chance to affect: 49%)
The hornet resists with some effort.
The hornet stings you!
* * * LOW HITPOINT WARNING * * *
You are lethally poisoned!
You feel yourself slow down. The hornet stings you!
You die...

#. #....#. ._ '.#).:. ##
#..y#.. ## #o..#.#
#######..##.# .........#
#.# #####
...##....###.#####...#####
:......)))..g).y@.........
..g#####.#.#######...#####
. #...# #...# #..## ##...#
$...) #....# ..###.#
###....# # #.# ##
#......### #.## .#
####...[.# #... #.####.#
###


You could see a hornet and a gnoll.

Vanquished Creatures
  An ogre (D:5)
  A black bear (D:3)
  4 crimson imps (D:4)
  A jelly (D:5)
  3 hounds (D:5)
  An orc priest (D:3)
  2 orc wizards (D:4)
  5 adders
  7 gnolls
  An ufetubus (D:4)
  2 dart slugs
  4 orcs
  2 ball pythons
  4 endoplasms
  A giant cockroach (D:1)
  12 goblins
  6 hobgoblins
  2 jackals (D:3)
  8 kobolds
  3 quokkas
  3 bats
  A frilled lizard (D:3)
  5 rats
79 creatures vanquished.

Vanquished Creatures (collateral kills)
  2 gnolls (D:5)
  An adder (D:3)
  A white imp (D:5)
  5 orcs
  A frilled lizard (D:3)
10 creatures vanquished.

Vanquished Creatures (others)
  An orc priest (D:3)
  An iguana (D:5)
  A gnoll (D:4)
  An orc (D:3)
  9 fungi (D:4)
13 creatures vanquished.

Grand Total: 102 creatures vanquished

Notes
Turn   | Place    | Note
-------+----------+-------------------------------------------
     0 | D:1      | H0rd4k the Octopode Artificer began the quest for the Orb.
     0 | D:1      | Reached XP level 1. HP: 13/13 MP: 1/1
   136 | D:1      | Reached XP level 2. HP: 18/18 MP: 2/2
   468 | D:1      | Reached skill level 1 in Spellcasting
   801 | D:1      | Found a faded altar of an unknown god.
  1607 | D:2      | Reached XP level 3. HP: 13/24 MP: 4/4
  1869 | D:2      | Learned a level 3 spell: Swiftness
  1875 | D:2      | Reached skill level 1 in Unarmed Combat
  2457 | D:2      | Reached XP level 4. HP: 30/30 MP: 6/6
  2482 | D:3      | Found Neamn's Book Boutique.
  2768 | D:3      | Found Rino's General Store.
  2824 | D:3      | Found Vept's Jewellery Shop.
  2832 | D:3      | Found Hifyq's Armour Boutique.
  3178 | D:3      | Noticed a black bear
  3386 | D:3      | Reached skill level 2 in Unarmed Combat
  3606 | D:3      | Killed a black bear
  3607 | D:3      | Reached skill level 1 in Air Magic
  3607 | D:3      | Reached XP level 5. HP: 36/36 MP: 8/8
  3615 | D:3      | Found Cair Nur's General Store.
  3976 | D:4      | Reached skill level 3 in Unarmed Combat
  4045 | D:4      | Reached XP level 6. HP: 22/42 MP: 9/9
  4244 | D:4      | Found a shimmering blue altar of Sif Muna.
  4395 | D:4      | Found a shimmering altar of Xom.
  4602 | D:4      | Found a sparkling altar of Nemelex Xobeh.
  4752 | D:4      | Reached skill level 4 in Unarmed Combat
  4752 | D:4      | Reached XP level 7. HP: 31/46 MP: 11/11
  5279 | D:5      | Entered Level 5 of the Dungeon
  5315 | D:5      | Found a radiant altar of Vehumet.
  5419 | D:5      | Found a basalt altar of Yredelemnul.
  5666 | D:5      | Reached skill level 5 in Unarmed Combat
  5777 | D:5      | Noticed a hornet
  5789 | D:5      | Found a bloodstained altar of Trog.
  5811 | D:5      | Slain by a hornet

Illustrated notes

Levels and vault maps discovered:
D:1:      dpeg_arrival_rooms_with_view, layout_basic,
          shapermc_ecumenical_altar_ellora
D:2:      wander_river, layout_rooms, grunt_ministairs_1,
          grunt_decor_resistance, minmay_curled_crystal,
          hangedman_abyss_or_decor_stabs
D:3:      minmay_general_purpose_star, layout_basic, serial_shops,
          nicolae_diamond_shop, nicolae_diamond_shop, shop, shop, shop_fountains
D:4:      layout_basic, led_xom_imps, nemelex_diamond_rough_becter,
          kennysheep_orc_sif_temple, serial_aquarium,
          aquarium_bridge_long_joined [aquarium_subvault_wall,
          aquarium_subvault_bridge, aquarium_subvault_window,
          aquarium_subvault_wall, aquarium_subvault_bridge,
          aquarium_subvault_bridge], aquarium_window_1, aquarium_window_2,
          aquarium_window_2, aquarium_view_2a, aquarium_pool_corner,
          serial_bayou_pond_d
D:5:      layout_rooms, mainiacjoe_overflow_large_starburst,
          lemuel_doored_altar, marbit_many_paths, chequers_serial_rivers_room_b,
          uniq_duvessa, uniq_grinder, uniq_eustachio

Skill      XL: |  1  2  3  4  5  6  7 |
---------------+----------------------+-----
Spellcasting   | 1 2 3 |  3.4
Fighting       | 2 3 4 |  4.2
Unarmed Combat | 1 2 3 4 5 |  5.2
Air Magic      | 1 2 |  2.1
Dodging        | |  2.3
Stealth        | |  1.3
Evocations     | |  3.2

Action                   |  1- 3 |  4- 6 |  7- 9 || total
-------------------------+-------+-------+-------++-------
Melee: Unarmed           |    74 |    77 |    28 ||   179
       Constrict         |    22 |    24 |     7 ||    53
       Tentacles         |    15 |    18 |     8 ||    41
       Punch             |     1 |     2 |     2 ||     5
Evoke: Wand              |     1 |    14 |    18 ||    33
 Stab: Sleeping          |     9 |     5 |       ||    14
Armor: Skin              |     6 |     4 |     1 ||    11
Dodge: Dodged            |    43 |    40 |    20 ||   103
